 Dungeon Crawl Stone Soup version 0.29-a0-284-gf9362112df (webtiles) character file.

Game seed: 238799834510238272

4 jlumianski the Skirmisher (level 1, -3/18 HPs)
             Began as a Demonspawn Fighter on Mar 21, 2022.
             Killed by divine providence
             ... invoked by an orc priest
              (12 damage)
             ... on level 3 of the Dungeon.
             The game lasted 00:00:58 (217 turns).

jlumianski the Skirmisher (Demonspawn Fighter)       Turns: 217, Time: 00:00:58

Health: -3/18      AC:  6    Str: 16    XL:     1   Next: 58%
Magic:  1/1        EV:  8    Int:  9    God:
Gold:   32         SH:  4    Dex: 12    Spells: 0/0 levels left

rFire   . . .      SeeInvis .   a - +0 war axe
rCold   . . .      Faith    .   c - +0 buckler
rNeg    . . .      Spirit   .   b - +0 scale mail
rPois   .          Reflect  .   (no helmet)
rElec   .          Harm     .   (no cloak)
rCorr   .          Rampage  .   (no gloves)
Will    .....                   (no boots)
Stlth   ..........              (no amulet)
HPRegen 0.06/turn               (no ring)
MPRegen 0.07/turn               (no ring)

@: very slow
A: no striking features
a: no special abilities


You were on level 3 of the Dungeon.
You visited 1 branch of the dungeon, and saw 3 of its levels.

You collected 32 gold pieces.

Inventory:

Hand Weapons
 a - a +0 war axe (weapon)
Missiles
 f - 22 stones (quivered)
Armour
 b - a +0 scale mail (worn)
 c - a +0 buckler (worn)
Scrolls
 g - a scroll of enchant weapon
Potions
 d - 2 potions of might


   Skills:
 + Level 3.1 Fighting
 + Level 1.8 Axes
 + Level 2.8 Armour
 + Level 2.7 Shields


You couldn't memorise any spells.
You didn't know any spells.
Your spell library was empty.

Dungeon Overview and Level Annotations

Branches:
Dungeon (3/15)

Altars:


Message History

e - a scroll labelled DEGGUSU YSATY You see here 15 stones.
f - 15 stones You open the door.
Found a stone staircase leading down.
There is an open door here.
g - a scroll labelled MADEPE RONLASK You now have 32 gold pieces (gained 12).
f - 22 stones (gained 7)
There is a stone staircase leading down here.
You climb downwards.
You hear the sound of rushing water.
There is an entrance to a sewer on this level.
Hurry and find it before the portal rusts away!
There is a stone staircase leading up here.
A giant cockroach comes into view.
The giant cockroach bites you but does no damage.
You block the giant cockroach's attack.
You slash the giant cockroach!
You kill the giant cockroach!
Found a club. 2 orc priests come into view.
An orc priest is wielding a +2 mace of draining.
The orc priest shouts! x2; You hear an angry hiss.
An orc comes into view. It is wielding a +0 flail.
The orc priest moves out of view.
An adder comes into view.
You hear the slow rusting of a drain nearby.
As you read the scroll labelled DEGGUSU YSATY, it crumbles to dust.
It is a scroll of identify.
g - a scroll of enchant weapon You enter the shallow water.
Moving in this stuff is going to be slow.
The orc priest calls down the wrath of Beogh upon you.
Pain shoots through your body!
The orc priest mumbles some strange prayers to Beogh against you.
Pain shoots through your body!
The orc priest mumbles some strange prayers to Beogh against you.
Beogh smites you!
Ouch! That really hurt!
You die...

#.≈≈≈≈ #..≈≈≈
#....# #....#
#....+ #....# .#
#...≈#####≈
#########..@≈≈≈≈≈≈≈
#.........≈≈≈≈≈≈≈≈≈
#.........#≈≈≈≈≈≈≈≈
#.........##oo≈≈≈..
#.........# .......
#.........# .......
#.........# ....##.
#######.####..o.#
######....#.......


You could see 2 orc priests and an orc (wandering).

Vanquished Creatures
  An endoplasm (D:1)
  A giant cockroach (D:3)
  A goblin (D:1)
  A rat (D:1)
4 creatures vanquished.

Notes
Turn   | Place    | Note
-------+----------+-------------------------------------------
     0 | D:1      | jlumianski the Demonspawn Fighter began the quest for the
                  | Orb.
     0 | D:1      | Reached XP level 1. HP: 18/18 MP: 1/1
   110 | D:1      | You fall into a shaft and drop 1 floor!
   177 | D:3      | Noticed an orc priest
   177 | D:3      | Noticed an orc priest
   217 | D:3      | Killed from afar by an orc priest

Illustrated notes

Levels and vault maps discovered:
D:1:      dpeg_arrival_boxorama, layout_loops_ring
D:2:      layout_basic
D:3:      minmay_diamond_boxcup, layout_basic, lemuel_tele_altar,
          cheibrodos_sewer_entry_sluice, nicolae_ecumenical_lake_church,
          uniq_ijyb

Action                   || total
-------------------------++-------
Melee: War axe           ||     8
  Use: Scroll            ||     1
Armor: Scale mail        ||     3
Dodge: Dodged            ||     3
Block: Buckler           ||     2

Table legend: (Time is in decaauts)
 A = Elapsed time spent in this place.
 B = Non-inter-level travel time spent in this place.
 C = Inter-level travel time spent in this place.
 D = Time resting spent in this place.
 E = Time spent auto-exploring this place.
 F = Levels seen in this place.
 G = Mean time per level.
                   A        B        C        D        E       F      G
               +--------+--------+--------+--------+--------+-----+--------+
         Total |    220 |    220 |      0 |      0 |    112 |   3 |   73.3 |
       Dungeon |    220 |    220 |      0 |      0 |    112 |   3 |   73.3 |
               +--------+--------+--------+--------+--------+-----+--------+

Top non-repeatable levels by time:
     D:1: 113 daAuts
     D:3: 70 daAuts
     D:2: 36 daAuts
